[Event "*** Titled Tuesday Blitz"]
[Site "Chess.com"]
[Date "2018.04.03"]
[Round "4"]
[White "PenguinPacks"]
[Black "DACF2905"]
[Result "0-1"]
[WhiteElo "2136"]
[BlackElo "2049"]
[TimeControl "180+2"]
[EndTime "13:53:00 PDT"]
[Termination "DACF2905 won by resignation"]

1. d4 Nf6 2. c4 e6 3. Nc3 Bb4 4.
Nf3 O-O 5. Qc2 d6 6. e4 Bxc3+ 7. bxc3 Nbd7 8. Bd3 e5 9. O-O b6 10. a4 a5 11. Bg5 h6 12. Bh4 Qe7 13. Nd2 g5 14. Bg3 Nh5 15. Qd1 Nf4 16. Bc2 Kg7 17. Re1 Nf6 18.
Nf1 Bg4 19. f3 Be6 20. Ne3 Rfd8 21. Bb3 Qe8 22. Qc2 N6h5 23. Bf2 Rab8 24. Nf5+ Bxf5 25. exf5 Qc6 26. Qe4 Qxe4 27. fxe4 Nd3 28. Re2 Nhf4 29. Rd2 Nxf2 30. Kxf2 Nh5 31. Rad1 Nf6 32. Bc2 exd4 33. cxd4 Re8 34. Re1 Rbd8 35. Rde2 Nd7 36.
g4 f6 37. Kg3 c5 38. d5 Ne5 39. Bb3 h5 40. gxh5 Rh8 41. Rb2 Nd3 42. Rbe2 Nxe1 43. Rxe1 Rxh5 44. Bd1 Rh4 45. Bg4 Rhh8 46. Rb1 Rb8 47.
Re1 Rhe8 48. Bf3 Kh6 49. Rh1 g4 50. Kxg4 Rg8+ 51. Kf4 Rg5 52. h4 Rg7 53. Rb1 Rh7 54. Rg1 Rg7 55. Rb1 Rbb7 56. Rb2 Rg1 57. Rb3 Rc1 58.
Be2 Rc2 59. Bd1 Rd2 60. Bf3 Ra2 61. Rb1 Rxa4 62. Rg1 Rg7 63. Rb1 Rb4 64. Ra1 Rxc4 0-1

[Event "*** Titled Tuesday Blitz"]
[Site "Chess.com"]
[Date "2018.04.03"]
[Round "4"]
[White "FitnessBen"]
[Black "GMKrikor"]
[Result "0-1"]
[WhiteElo "2484"]
[BlackElo "2644"]
[TimeControl "180+2"]
[EndTime "13:53:03 PDT"]
[Termination "GMKrikor won by resignation"]

1. e4 e5 2. Nf3 Nc6 3. Bb5 Nf6 4. O-O Nxe4 5. d4 Nd6 6. Bxc6 dxc6 7. dxe5 Nf5 8.
Qxd8+ Kxd8 9. h3 Bd7 10. Nc3 Kc8 11. Ne4 h6 12. b3 b6 13. Bb2 Ne7 14. Rad1 a5 15. Ng3 c5 16. Nh5 Rg8 17. Rfe1 a4 18. Rd2 axb3 19. axb3 Nc6 20. Nf4 Be6 21. Ra1 Rxa1+ 22.
Bxa1 Bd7 23. Kf1 Be7 24. Nd5 Bd8 25. Ne1 Re8 26. f4 g5 27. Nd3 Bf5 28. fxg5 Bxg5 29.
Re2 Nd4 30. Bxd4 cxd4 31. N5b4 c5 32. Nd5 Kb7 33. g4 Be6 34. N5f4 Kc6 35. Kf2 Bc8 36. Kg3 Bd8 37. h4 Rg8 38. Nf2 b5 39. e6 fxe6 40.
Nxe6 Bb6 41. Kf4 Kd5 42. Kf5 Rf8+ 43. Kg6 Bxe6 44. Ne4 Bd8 45. c4+ bxc4 46. bxc4+ Kxc4 47. Nd2+ Kd5 48. g5 hxg5 49. hxg5 Rg8+ 50. Kh7 Rxg5 51. Nf3 Rg3 52. Ne1 Bf6 53. Ng2 Bf5+ 54. Kh6 Rh3+ 0-1

[Event "*** Titled Tuesday Blitz"]
[Site "Chess.com"]
[Date "2018.04.03"]
[Round "4"]
[White "Sebastian"]
[Black "temiksmozg"]
[Result "0-1"]
[WhiteElo "2790"]
[BlackElo "2539"]
[TimeControl "180+2"]
[EndTime "13:53:10 PDT"]
[Termination "temiksmozg won by resignation"]

1. e4 e6 2. d4 d5 3. Nc3 Bb4 4. e5 Qd7 5. a3 Bxc3+ 6. bxc3 b6 7. h4 Ba6 8. Bxa6 Nxa6 9. h5 h6 10. Rh3 Ne7 11. Rf3 Qa4 12. Ne2 Rc8 13. Rf4 Nb8 14.
Ng3 Nd7 15. Bd2 f5 16. Ne2 Nf8 17. g4 g5 18. hxg6 Nfxg6 19. gxf5 Nxf5 20. Rg4 Ngh4 21. Ng3 Kd7 22. Nh5 Kc6 23. Nf6 Rcf8 24. Kf1 Qc4+ 25. Qe2 Nf3 26. Bf4 h5 27. Qxc4+ dxc4 28. Rg6 N3h4 29. Rg5 Nf3 30. Rg6 N3h4 31. Rg1 Nf3 32.
Rh1 N3h4 33. Ke2 Ng6 34. Bg5 h4 35. a4 a5 36. Kf3 Nge7 37. Ke4 Nd5 38. Rh3 Nxf6+ 39.
Bxf6 Rh5 40. Rg1 Rf7 41. Rg8 Ne7 42. Re8 Kd7 43. Rxe7+ Rxe7 44. Bxe7 Kxe7 45. Kf4 Rf5+ 46. Ke3 Rh5 47. Kf4 c6 48. Kg4 Rh8 49. Rh1 h3 50. Kg3 h2 51. Kg2 b5 52. axb5 cxb5 53.
Kf3 a4 54. Ke4 a3 55. f4 a2 56. d5 exd5+ 57. Kxd5 a1=Q 58. Rxa1 h1=Q+ 59. Rxh1 Rxh1 60. f5 Rc1 61. f6+ Kf7 62. Kc5 Rxc2 63. Kxb5 Rxc3 64. Kc5 Re3 0-1

[Event "*** Titled Tuesday Blitz"]
[Site "Chess.com"]
[Date "2018.04.03"]
[Round "4"]
[White "Saitama_Hero"]
[Black "AndrewDGreen"]
[Result "1-0"]
[WhiteElo "2140"]
[BlackElo "2115"]
[TimeControl "180+2"]
[EndTime "13:53:22 PDT"]
[Termination "Saitama_Hero won by resignation"]

1. e4 c5 2. Nc3 g6 3. g3 Bg7 4. Bg2 Nc6 5. Nge2 d6 6. O-O e5 7. d3 Nge7 8. f4 O-O 9. Be3 Nd4 10. Qd2 Be6 11. f5 gxf5 12. Bh6 f6 13. Bxg7 Kxg7 14.
exf5 Nexf5 15. Ne4 Nxe2+ 16. Qxe2 Nd4 17. Qd2 Rb8 18.
c3 Nf5 19. Bh3 Qd7 20. Bxf5 Bxf5 21. Nxd6 Bh3 22. Ne4 Bxf1 23. Rxf1 Rbd8 24. Nxc5 Qd5 25. Qf2 b6 26. Ne4 Qxd3 27. Qf5 Qd7 28. Qh5 Qe6 29.
g4 Rd5 30. Ng3 Rd2 31. Nf5+ Kh8 32. Qh6 Rg8 33. Qxd2 Rxg4+ 34. Ng3 f5 35. Qd8+ Rg8 36. Qh4 f4 37. Re1 fxg3 38. hxg3 Qd5 39. Qf6+ Rg7 40. Rxe5 Qd1+ 41. Kf2 Qd2+ 42. Re2 Qd7 43. Qd4 Qf7+ 44. Kg2 h6 45. Rf2 Qg6 46. Qe5 Kh7 47. Qf5 a5 48. Qxg6+ Rxg6 49. Rf7+ Kg8 50. Rb7 h5 51. Kh3 Kf8 52.
Kh4 Ke8 53. Kxh5 Rxg3 54. Rxb6 Rg2 55. a4 Kd7 56. b3 Rb2 57. Rb5 Kc6 58. Kg5 Rc2 59.
c4 Rb2 60. Kf5 Rf2+ 61. Ke5 Re2+ 62. Kd4 Rb2 63. Kc3 Rh2 64. Rxa5 Rh3+ 65. Kb4 Kb6 66.
Rb5+ Kc6 67. a5 Rh1 68. a6 Ra1 69. Ra5 Rb1 70. a7 1-0

[Event "*** Titled Tuesday Blitz"]
[Site "Chess.com"]
[Date "2018.04.03"]
[Round "4"]
[White "ruvat"]
[Black "2Tilted"]
[Result "1-0"]
[WhiteElo "2270"]
[BlackElo "2266"]
[TimeControl "180+2"]
[EndTime "13:53:24 PDT"]
[Termination "ruvat won by checkmate"]

1. d4 Nf6 2. c4 c5 3. d5 b5 4. Nf3 g6 5. Qc2 bxc4 6. e4 d6 7.
Bxc4 Bg7 8. Nbd2 O-O 9. O-O Ba6 10. Rb1 Nfd7 11. b3 Nb6 12. Bb2 Nxc4 13. Nxc4 Nd7 14. Bxg7 Kxg7 15. Qc3+ f6 16. Ng5 Kg8 17. Ne6 Qe8 18.
Rfe1 Nb6 19. Nxf8 Qxf8 20. f4 Qh6 21. g3 Nd7 22. Qf3 Rf8 23. Na5 g5 24. Qg4 Nb6 25. Nc6 Qg7 26. Rbd1 Bc8 27. f5 Nd7 28. Qe2 Bb7 29.
Na5 Bc8 30. Nc6 Bb7 31. b4 Ra8 32. b5 Qf8 33. a4 Kf7 34. Qh5+ Kg7 35. h4 Qf7 36.
Qxf7+ Kxf7 37. Kf2 g4 38. Ke3 a6 39. Ra1 h5 40.
Reb1 a5 41. b6 Ra6 42. Rb5 Nxb6 43. Nd8+ Ke8 44. Nxb7 Nc4+ 45. Ke2 Na3 46. Rxa5 Rb6 47. Ra8+ Kf7 48. Nd8+ Kg7 49. Nc6 Rb2+ 50. Kf1 Nc2 51. Rc1 Ne3+ 52. Kg1 c4 53. Nd4 Rg2+ 54. Kh1 Rxg3 55. Ra7 Rh3+ 56. Kg1 g3 57. Nf3 g2 58. Kf2 c3 59. Rg1 Ng4+ 60. Kxg2 c2 61. Rxe7+ Kf8 62. Rc7 c1=Q 63. Rgxc1 Rg3+ 64. Kf1 Ne3+ 65. Ke2 Ng4 66. Rc8+ Kg7 67. R1c7+ Kh6 68. Rh8# 1-0

[Event "*** Titled Tuesday Blitz"]
[Site "Chess.com"]
[Date "2018.04.03"]
[Round "4"]
[White "Patzel09"]
[Black "mishanick"]
[Result "1-0"]
[WhiteElo "2545"]
[BlackElo "2830"]
[TimeControl "180+2"]
[EndTime "13:53:27 PDT"]
[Termination "Patzel09 won by checkmate"]

1. e4 c5 2. c3 d5 3. exd5 Qxd5 4.
Nf3 Nf6 5. Na3 Bg4 6. Be2 Nc6 7. d3 e6 8. Nc4 Bh5 9. Qb3 b6 10.
Bf4 Be7 11. O-O O-O 12. h3 Rad8 13. Rad1 h6 14. Rfe1 Qd7 15. g4 Bg6 16. Nfe5 Qc8 17. Bf3 Nd5 18. Bg3 Bh7 19. Nxc6 Qxc6 20. Ne5 Qc8 21.
Qa4 Bf6 22. Qxa7 b5 23. c4 bxc4 24. dxc4 Nb4 25. Nd7 Nd3 26. Rxd3 Bxd3 27. Nb6 Bxb2 28. Nxc8 Rxc8 29. Be2 Be4 30. Bf1 Bg6 31. a4 Ra8 32. Qxc5 Rxa4 33. Qb5 Ra2 34. Qb3 Rfa8 35. Bg2 R8a3 36.
Qb8+ Kh7 37. c5 Bd4 38. c6 Rc2 39.
c7 Rxg3 40. c8=Q Bxf2+ 41. Kh2 Rxc8 42. Qxc8 Bxe1 43. Qc1 Bf2 44. Qf1 Rxg2+ 45. Kxg2 Bh4 46. Qe2 Bg5 47. Kg3 Be7 48. h4 h5 49. gxh5 Bf5 50.
Qd1 Bf6 51. Qe2 Bd4 52. Qc4 Be5+ 53. Kf3 Bd6 54. Qd4 Bh2 55. Qa7 f6 56. Qe7 Be5 57. Qf7 Bb2 58. Qb7 Bc1 59. Qd7 Bh6 60. Qc8 Bd2 61. Qd7 Bc3 62. Qd1 e5 63. h6 gxh6 64.
Qb3 e4+ 65. Kf4 Kg6 66. h5+ Kxh5 67. Kxf5 Be5 68. Qh3# 1-0

[Event "*** Titled Tuesday Blitz"]
[Site "Chess.com"]
[Date "2018.04.03"]
[Round "4"]
[White "kasparik_garik"]
[Black "pultineviciuspaulius"]
[Result "1/2-1/2"]
[WhiteElo "2517"]
[BlackElo "2604"]
[TimeControl "180+2"]
[EndTime "13:53:28 PDT"]
[Termination "Game drawn by agreement"]

1. Nf3 Nf6 2. g3 g6 3. Bg2 Bg7 4. O-O O-O 5. d3 d6 6. e4 c5 7. Nbd2 Nc6 8. Re1 Rb8 9. a4 a6 10. e5 dxe5 11. Nxe5 Nxe5 12. Rxe5 b6 13. Re1 Bb7 14. Bxb7 Rxb7 15. Qf3 Qd5 16. Qxd5 Nxd5 17. Nc4 Nb4 18. Re2 Rd8 19. Kg2 h6 20. h4 e6 21.
Kf1 b5 22. axb5 axb5 23. Ne3 Nc6 24. Re1 Nd4 25. Kg2 Rbd7 26. Bd2 c4 27. Bc3 cxd3 28. cxd3 Nb3 29. Ra3 Nc5 30. Bxg7 Kxg7 31. Ra5 Nxd3 32. Rd1 b4 33. Rb5 Rd4 34. b3 e5 35. Kg1 e4 36.
Nc4 f5 37. Rb6 g5 38. h5 f4 39. gxf4 gxf4 40. Ra1 R4d5 41. Ra7+ R8d7 42. Rg6+ Kh7 43. Rxd7+ Rxd7 44. Re6 Nc5 45. Re5 Rg7+ 46. Kh2 Rg5 47. Re7+ Kg8 48. Nd6 Rxh5+ 49. Kg1 Rg5+ 50. Kh2 f3 51.
Nxe4 Nxe4 52. Rxe4 Rg2+ 53. Kh3 Rxf2 54. Kg3 Rb2 55. Rxb4 f2 56. Kg2 h5 57. Rf4 Kg7 58.
Rxf2 Rxb3 59. Rf3 Rb2+ 60. Rf2 Rb4 61. Kh2 Kg6 62. Ra2 Kg5 63. Rc2 Kg4 64. Rg2+ Kf3 65.
Rc2 Rh4+ 66. Kg1 Re4 67. Kh2 Ke3 68. Ra2 Kf3 69. Ra3+ Kg4 70. Ra2 h4 71. Rb2 Re3 72. Rb4+ Kg5 73. Rb5+ Kg4 74. Rb4+ Kg5 75. Rb5+ Kg4 76.
Rb4+ Kf3 1/2-1/2

[Event "*** Titled Tuesday Blitz"]
[Site "Chess.com"]
[Date "2018.04.03"]
[Round "4"]
[White "michaelk123"]
[Black "JSPrepz"]
[Result "0-1"]
[WhiteElo "2371"]
[BlackElo "2581"]
[TimeControl "180+2"]
[EndTime "13:53:33 PDT"]
[Termination "JSPrepz won on time"]

1. e4 e5 2. Nf3 Nc6 3. Bb5 f5 4. d3 fxe4 5. dxe4 Nf6 6. Qd3 Bb4+ 7. Bd2 Bxd2+ 8. Nbxd2 d6 9. Qc4 Bd7 10. O-O Qe7 11.
Rfe1 a6 12. Bxc6 Bxc6 13. Rad1 Bd7 14. Nb1 Be6 15. Qb4 Rb8 16. Nc3 O-O 17. Nd5 Qf7 18. Ng5 Nxd5 19. Qd2 Qg6 20. Nxe6 Nf4 21. Nxf4 Rxf4 22.
Qd5+ Kh8 23. Rd3 Qf6 24. f3 Qf8 25. Red1 Rf6 26. Qc4 Qe7 27. a4 h6 28. a5 Rbf8 29. Qb4 Rb8 30. Qc4 Kh7 31. Qb4 Qe6 32. Qb3 Qd7 33.
Qb4 Qe7 34. Qc4 Rbf8 35. Qb4 Rb8 36. Qc4 Rf7 37. Qd5 Qf6 38. Qc4 Rd7 39. Qb4 Qe7 40.
Qc4 Rbd8 41. Qb4 c6 42. Qb6 d5 43. exd5 cxd5 44. Re1 Rc8 45. c3 Rc6 46. Qe3 Re6 47. Red1 d4 48. Qe4+ Kh8 49. b4 Qf7 50. Qh4 Rde7 51.
cxd4 e4 52. Re3 exf3 53. Rxf3 Qg6 54. h3 Re2 55. Qg3 Qe4 56. d5 Re5 57. d6 Rg5 58.
d7 Kh7 59. d8=Q Rxg3 60. Rxg3 Qf4 0-1

[Event "*** Titled Tuesday Blitz"]
[Site "Chess.com"]
[Date "2018.04.03"]
[Round "4"]
[White "TigranLPetrosyan"]
[Black "DrHolmes13"]
[Result "0-1"]
[WhiteElo "2661"]
[BlackElo "2476"]
[TimeControl "180+2"]
[EndTime "13:53:36 PDT"]
[Termination "DrHolmes13 won by resignation"]

1. Nf3 Nf6 2. g3 g6 3. Bg2 Bg7 4. O-O O-O 5. d4 d5 6. c4 c6 7.
cxd5 cxd5 8. Ne5 Ng4 9. Nf3 Nf6 10. Nc3 Ne4 11. Ne5 Nxc3 12. bxc3 Nc6 13. Nxc6 bxc6 14.
Qa4 Bd7 15. Ba3 Re8 16. Bc5 Qc8 17. e3 e5 18. Rab1 h5 19. h4 Bf5 20. Rb2 Bd3 21.
Rd1 Bc4 22. Rb4 Bb5 23. Qb3 Bc4 24. Rxc4 dxc4 25. Qa4 e4 26. Bf1 Rb8 27. Bxc4 Bf8 28. Bxf8 Rxf8 29. Qxa7 Rb7 30. Qc5 Qf5 31. Qxf5 gxf5 32.
Bb3 Rd8 33. f3 exf3 34. Rf1 Kg7 35. Rxf3 Kg6 36. Kf2 Rdb8 37. Ke2 c5 38. Kd3 Rc7 39. d5 Re8 40. c4 Rb7 41. Kc3 Ra8 42. Rf4 Re8 43. Kd2 Re5 44. Rf3 Re8 45. Kc3 Re5 46. Bc2 Ra7 47. a4 Rb7 48. Bb3 Kf6 49. Bc2 Kg6 50.
Bb3 Kf6 51. Bd1 Kg6 52. Bc2 Kf6 53. e4 Ke7 54. Rxf5 Rxf5 55. exf5 Rb8 56. a5 Ra8 57. Bd1 Rxa5 58. Kd3 Ra3+ 59. Ke4 Rxg3 60. Bxh5 Rh3 61. d6+ Kxd6 62. Bxf7 Rxh4+ 63. Kf3 Ke5 64. Be6 Rh3+ 65. Kg4 Rh1 66. Kg5 Rg1+ 67. Kh4 Kf4 68. Kh5 Rg5+ 69.
Kh4 Rxf5 70. Bxf5 Kxf5 71. Kg3 Ke4 72. Kf2 Kd3 73. Ke1 Kxc4 74. Kd2 Kb3 75. Kc1 Kc3 76. Kb1 Kd2 0-1

[Event "*** Titled Tuesday Blitz"]
[Site "Chess.com"]
[Date "2018.04.03"]
[Round "4"]
[White "2L8IWUN"]
[Black "Supernotar"]
[Result "1-0"]
[WhiteElo "2101"]
[BlackElo "2119"]
[TimeControl "180+2"]
[EndTime "13:53:36 PDT"]
[Termination "2L8IWUN won by resignation"]

1. e4 c6 2. Nf3 d5 3. Nc3 Bg4 4. h3 Bxf3 5. Qxf3 e6 6. d3 Nf6 7. Bd2 Bb4 8. g3 O-O 9. a3 Ba5 10. Bg2 Nbd7 11. Qe2 d4 12. Nb1 e5 13. Bxa5 Qxa5+ 14. Nd2 Ne8 15. O-O Nd6 16. f4 f6 17. h4 Qc7 18. f5 c5 19. g4 b5 20. g5 c4 21. a4 a6 22. axb5 axb5 23. b3 cxd3 24. cxd3 Rfc8 25. gxf6 Nxf6 26. Nf3 Nf7 27. Ng5 h6 28.
Rxa8 Rxa8 29. Ne6 Qc3 30. Qf3 Qd2 31. Qg3 Qe3+ 32. Qxe3 dxe3 33. Bf3 Ra2 34. Re1 Rb2 35. Be2 Rxb3 36. Kg2 Nd6 37. Kf3 Kf7 38. Ra1 Nc8 39.
Rg1 Ne8 40. Kxe3 Ncd6 41. Nc5 Rc3 42. Nd7 b4 43. Nxe5+ Kf8 44. Nd7+ Ke7 45. Ne5 b3 46. Rb1 Nb5 47. Nc4 Ned6 48. Nd2 Na3 49. Rxb3 Ndc4+ 50. Kf4 Rxb3 51. Nxb3 Nb6 52. d4 Nc2 53. Bd3 Nb4 54. Bb5 Nc8 55. Ke5 Nd6 56. Be2 Nc6+ 57. Kf4 Nb4 58.
e5 Nf7 59. Bc4 Nd8 60. d5 Nb7 61. d6+ Ke8 62. Bb5+ Kf8 63. Nd4 Nd5+ 64. Kf3 Nc5 65. Ne6+ Nxe6 66. fxe6 g5 67. hxg5 hxg5 68. e7+ Nxe7 69.
dxe7+ Kxe7 70. Bc4 1-0

[Event "*** Titled Tuesday Blitz"]
[Site "Chess.com"]
[Date "2018.04.03"]
[Round "4"]
[White "pKiLz5Rn9b"]
[Black "lachesisQ"]
[Result "0-1"]
[WhiteElo "2642"]
[BlackElo "2910"]
[TimeControl "180+2"]
[EndTime "13:53:40 PDT"]
[Termination "lachesisQ won by resignation"]

1. c4 e5 2. g3 Nc6 3. Bg2 h5 4. h4 Bc5 5. Nf3 d6 6. Nc3 Bg4 7. a3 a5 8. e3 Nf6 9. Qb3 Rb8 10. Ng5 O-O 11. O-O Bf5 12. Nd5 Nxd5 13. cxd5 Ne7 14. Kh2 c6 15. f4 cxd5 16. fxe5 dxe5 17. Bxd5 Qxd5 18. Qxd5 Nxd5 19. Rxf5 f6 20. Ne4 Bb6 21. b4 axb4 22. axb4 Rfc8 23. Rf1 Rc2 24. Kh3 Rd8 25. Rb1 Rc4 26. Nc5 Rxb4 27. Rxb4 Nxb4 28. Nxb7 Rd7 29. Ba3 Nc2 30. Nc5 Rxd2 31. Rb1 Bxc5 32. Bxc5 Rd3 33.
Rb8+ Kh7 34. e4 Ne1 35. Bf8 Rd7 36. Rb1 Nf3 37. Kg2 Nd2 38. Rb4 Rd8 39. Bc5 Rc8 40.
Be7 Rc2 41. Kg1 Nf3+ 42. Kf1 Nh2+ 43. Ke1 Rg2 44. Rb7 Kh6 45. Rb3 Ng4 46. Bc5 Kg6 47.
Bf8 Kf7 48. Bc5 Rc2 49. Rb7+ Kg8 50. Rb8+ Kh7 51. Bf8 Rc4 52. Rb7 Rxe4+ 53. Kd2 Rd4+ 54. Ke2 Rd8 55. Bxg7 Kg6 56. Bxf6 Nxf6 57. Ke3 Kf5 58. Rg7 Ng4+ 59. Ke2 Ke4 60. Rg5 Nf6 61. Rg6 Rd6 62.
Rg5 Ra6 63. Rg6 Ra2+ 64. Ke1 Ke3 65. Kf1 Ne4 66. Kg1 Kf3 67. Rg8 Rg2+ 68. Kf1 Nxg3+ 69.
Ke1 Rg1+ 70. Kd2 Ne4+ 0-1

[Event "*** Titled Tuesday Blitz"]
[Site "Chess.com"]
[Date "2018.04.03"]
[Round "4"]
[White "AndrewMcStone"]
[Black "Karina_Oparina"]
[Result "0-1"]
[WhiteElo "2100"]
[BlackElo "2147"]
[TimeControl "180+2"]
[EndTime "13:53:41 PDT"]
[Termination "Karina_Oparina won on time"]

1. d4 Nf6 2. c4 e6 3. Nc3 Bb4 4. f3 c5 5. d5 d6 6. e4 e5 7. Bd3 O-O 8. Ne2 a6 9. O-O Nbd7 10. g4 Ne8 11. Ng3 Bxc3 12. bxc3 Nc7 13. a4 Rb8 14. Nf5 Nf6 15. Bg5 Bxf5 16. gxf5 Nce8 17. Rb1 Qa5 18. Qc2 Qc7 19. Qb3 h6 20. Bh4 Nh7 21.
Qb6 Qxb6 22. Rxb6 Ng5 23. Bxg5 hxg5 24. Rfb1 f6 25. Rxb7 Rxb7 26. Rxb7 Rf7 27. Rb8 Kf8 28. Ra8 Rb7 29. Rxa6 Ke7 30. Kf2 Nc7 31. Rc6 Kd7 32. Kg3 Rb2 33. Bf1 Ra2 34. Rb6 Rxa4 35. Rb8 Ra3 36. Rg8 Ne8 37. h4 gxh4+ 38. Kxh4 Rxc3 39. Be2 Ke7 40. f4 Re3 41. Bh5 Nc7 42. Rxg7+ Kd8 43. Rg8+ Ke7 44. Rg7+ Kd8 45. Rg8+ Kd7 46. Rg7+ Kc8 47.
fxe5 Rxe4+ 48. Rg4 Rxg4+ 49. Bxg4 dxe5 50. Kh5 Ne8 51.
Kg6 Kd7 52. Bf3 Ke7 53. Be2 Nd6 54. Bf1 e4 55. Be2 e3 56. Bd3 Nf7 57. Kh5 Ne5 58. Be2 Kd6 59. Kh4 Nf7 60. Kg3 Ke5 61. Kf3 Kd4 62. Kf4 Nd6 63. Kf3 Nxf5 64. Bd1 Nd6 65. Be2 Ne4 66. Bd1 Nd2+ 67. Kf4 Nxc4 68. Be2 Nd6 0-1

[Event "*** Titled Tuesday Blitz"]
[Site "Chess.com"]
[Date "2018.04.03"]
[Round "4"]
[White "Yaacovn"]
[Black "oskariot"]
[Result "1-0"]
[WhiteElo "2637"]
[BlackElo "2415"]
[TimeControl "180+2"]
[EndTime "13:53:43 PDT"]
[Termination "Yaacovn won by resignation"]

1. d4 g6 2. Nf3 Bg7 3. e3 Nf6 4. Be2 O-O 5. O-O c5 6. b3 cxd4 7. Nxd4 Nc6 8. Bb2 d6 9. c4 Bd7 10. Qd2 Nxd4 11. Bxd4 Bc6 12. Qc2 Qa5 13. Nd2 Rfc8 14.
Bf3 Bxf3 15. Nxf3 b5 16. Nd2 bxc4 17. Nxc4 Qa6 18. Qd1 Qb5 19. Qf3 Qc6 20. Rfc1 Qxf3 21. gxf3 Nd5 22. Bxg7 Kxg7 23. a3 f5 24. Kf1 Kf6 25.
Ke1 g5 26. Kd2 h5 27. Rc2 g4 28. f4 Ke6 29. Rac1 Nf6 30. Ke2 Ne4 31. Na5 Rxc2+ 32.
Rxc2 Kd5 33. Nc6 e5 34. fxe5 dxe5 35. Nb4+ Ke6 36. Rc6+ Kf7 37. Ra6 Rd8 38. Nd3 Nc3+ 39. Kd2 e4 40. Kxc3 Rxd3+ 41. Kc2 Rd7 42. Rh6 Kg7 43.
Rxh5 Rf7 44. h3 Kg6 45. Rh8 gxh3 46. Rxh3 f4 47. Rh4 fxe3 48. fxe3 Rf2+ 49. Kc3 Kf5 50. Rh8 Re2 51. Rf8+ Ke5 52. Re8+ Kf5 53. Kd4 Rd2+ 54. Kc4 Rd3 55. Ra8 Rxe3 56. Rxa7 Re1 57. Rf7+ Ke5 58. Re7+ Kf4 59. a4 Rc1+ 60. Kd4 Rd1+ 61.
Kc3 e3 62. a5 Kf3 63. Rf7+ Ke4 64. Re7+ Kf3 65. b4 e2 66. b5 e1=Q+ 67. Rxe1 Rxe1 68.
b6 Rb1 69. Kc4 Ke4 70. Kc5 Ke5 71. a6 Rc1+ 72. Kb5 Kd6 73. a7 Ra1 74. b7 Rb1+ 75. Kc4 Rxb7 76. a8=Q Rc7+ 77. Kd4 Kd7 78. Kd5 Rc1 79.
Qa4+ Kd8 80. Qh4+ Kd7 81. Qh7+ Kc8 82. Qh8+ Kd7 83. Qg7+ Kc8 84. Qf8+ Kd7 85. Qf5+ Ke7 86. Qg5+ 1-0

[Event "*** Titled Tuesday Blitz"]
[Site "Chess.com"]
[Date "2018.04.03"]
[Round "4"]
[White "PchelkinVK"]
[Black "Albertu"]
[Result "0-1"]
[WhiteElo "2371"]
[BlackElo "2248"]
[TimeControl "180+2"]
[EndTime "13:53:47 PDT"]
[Termination "Albertu won on time"]

1. d4 Nf6 2. Nc3 d5 3. Bf4 Bf5 4. Nf3 h6 5. e3 e6 6. Ne5 Be7 7. g4 Bh7 8. h4 c5 9. g5 Nfd7 10. Bb5 a6 11. g6 Bxg6 12. Nxg6 fxg6 13. Bd3 Kf7 14. Rg1 g5 15. hxg5 hxg5 16. Bg3 Nc6 17. Qg4 cxd4 18. exd4 Qb6 19. O-O-O Rac8 20. Bg6+ Kxg6 21.
Qxe6+ Nf6 22. Bf4 Rh5 23. Bxg5 Rxg5 24. Rxg5+ Kxg5 25. Rg1+ Kh6 26. Qf5 Ng4 27. Qxg4 g5 28. Qe6+ Kg7 29. Nxd5 Qd8 30. Nf4 Bf6 31. Nh5+ Kg6 32.
Nf4+ Kg7 33. Nh5+ Kg6 34. Nf4+ Kg7 35. Qf5 Nxd4 36. Qg6+ Kf8 37. Nh5 Rxc2+ 38. Kb1 Rxb2+ 39. Kxb2 Qb6+ 40. Kc1 Ne2+ 41. Kd1 Nc3+ 42. Kc1 Nxa2+ 43.
Kd1 Nc3+ 44. Kc1 Ne2+ 45. Kd1 Nc3+ 46. Ke1 Qe6+ 47. Kf1 Qe2+ 48. Kg2 Qg4+ 49. Kf1 Qd1+ 50. Kg2 Qg4+ 51. Ng3 Qe6 52. Rh1 Qc6+ 53. f3 Nd5 54. Rh7 Nf4+ 55. Kh2 Nxg6 56. Rh6 Qxf3 57. Rxg6 Be5 58.
Rxg5 Bxg3+ 59. Rxg3 Qxg3+ 60. Kxg3 Ke7 0-1

[Event "*** Titled Tuesday Blitz"]
[Site "Chess.com"]
[Date "2018.04.03"]
[Round "4"]
[White "BilodeauA"]
[Black "DiogenesSinopeus"]
[Result "1-0"]
[WhiteElo "2650"]
[BlackElo "2428"]
[TimeControl "180+2"]
[EndTime "13:53:50 PDT"]
[Termination "BilodeauA won by resignation"]

1. e4 e5 2. Nf3 Nc6 3. Bb5 a6 4. Ba4 d6 5. c3 f5 6. exf5 Bxf5 7. O-O Bd3 8. Re1 Be7 9. Bc2 Bxc2 10. Qxc2 Nf6 11.
d4 Qd7 12. Nbd2 O-O-O 13. dxe5 Nxe5 14. Nd4 Rde8 15. Nf1 Bd8 16. Bf4 Ng6 17. Bg3 Nh5 18. b4 Nxg3 19. Nxg3 Rxe1+ 20. Rxe1 Re8 21. Rxe8 Qxe8 22.
Kf1 Bf6 23. Qf5+ Kb8 24. Nge2 Qa4 25. Qc2 Qd7 26. a4 Qf7 27. Qb3 Qxb3 28. Nxb3 Ne7 29. Ke1 Kc8 30. Kd2 Kd7 31. f4 Ke6 32. g4 g6 33. Kd3 Bg7 34. h3 h5 35. Nd2 hxg4 36.
hxg4 Nd5 37. Ne4 Nf6 38. Nf2 Nd5 39. Nd1 Bh6 40. Ke4 Nf6+ 41. Kf3 Nd5 42. Nd4+ Kd7 43. g5 Bg7 44. Ke4 c6 45. Ne2 Ke6 46. a5 Ne7 47. Ne3 d5+ 48. Kd3 Nc8 49. Nc2 Nd6 50. Ncd4+ Kd7 51. Ng3 Bxd4 52. Kxd4 Ke6 53. Kc5 Nc8 54.
Kd4 Nd6 55. Ne2 Kf5 56. Kc5 Nc8 57. Kd4 Nd6 58. Ke3 Nc4+ 59. Kf3 Nd2+ 60. Kf2 Ke4 61.
Kg3 Kd3 62. Nd4 Kxc3 63. Ne6 Ne4+ 64. Kf3 Nd2+ 65. Ke3 Nc4+ 66. Ke2 d4 67. Nc5 Kxb4 68. Nxb7 c5 69. Kd3 Nd6 70. Nxd6 Kxa5 71. f5 1-0

[Event "*** Titled Tuesday Blitz"]
[Site "Chess.com"]
[Date "2018.04.03"]
[Round "4"]
[White "vsuri97"]
[Black "matiss90"]
[Result "1-0"]
[WhiteElo "2627"]
[BlackElo "2355"]
[TimeControl "180+2"]
[EndTime "13:53:50 PDT"]
[Termination "vsuri97 won by resignation"]

1. e4 c5 2. Nf3 d6 3. Nc3 Nf6 4. d4 cxd4 5. Nxd4 g6 6. Be3 Bg7 7. f3 O-O 8. Qd2 Nc6 9. O-O-O d5 10. exd5 Nxd5 11. Nxc6 bxc6 12. Bd4 e5 13. Bc5 Be6 14. Ne4 Rb8 15. Bc4 h6 16. h4 Qc7 17. h5 g5 18.
g4 Rfd8 19. Qf2 a5 20. Rd3 a4 21. Rhd1 Qb7 22. Ba3 Bf8 23. Nc5 Qa7 24. R1d2 Re8 25. c3 Nf4 26. Rd7 Bxd7 27. Rxd7 Bxc5 28. Bxf7+ Kh8 29. Qd2 Be3 30. Rxa7 Bxd2+ 31. Kxd2 Red8+ 32. Kc2 Nd3 33. Bg6 Ne1+ 34. Kc1 Nxf3 35. Be7 Rf8 36. Rxa4 Rf4 37. Ra7 e4 38. Bd6 e3 39. Rh7+ Kg8 40. Re7 Rd8 41. Bc5 e2 42. Rxe2 Nh4 43. Bc2 Rxg4 44.
a4 Nf3 45. Kb1 Rf4 46. Ka2 g4 47. a5 Ng5 48. b4 g3 49. a6 Rg4 50. Bb3+ Kg7 51.
Re7+ Kf6 52. Re1 g2 53. Be7+ Kf5 54. Bxd8 Nf3 55. Rd1 g1=Q 56. Rxg1 Rxg1 57. a7 Rg2+ 58. Ka3 Nd2 59. Bc2+ Ke5 60. a8=Q Nc4+ 61. Kb3 Nd2+ 62.
Ka2 Nc4 63. Qxc6 Rxc2+ 64. Kb3 Ne3 65. Bc7+ Kf5 66. Qf3+ 1-0

[Event "*** Titled Tuesday Blitz"]
[Site "Chess.com"]
[Date "2018.04.03"]
[Round "4"]
[White "SergeiAza"]
[Black "SmoothAsAHedgehog"]
[Result "1/2-1/2"]
[WhiteElo "2674"]
[BlackElo "2585"]
[TimeControl "180+2"]
[EndTime "13:53:55 PDT"]
[Termination "Game drawn by repetition"]

1. e4 e5 2. Nf3 Nc6 3. Bb5 a6 4. Ba4 Nf6 5. O-O Be7 6. Re1 b5 7. Bb3 d6 8. c3 O-O 9. h3 Nb8 10. d4 Nbd7 11. Nbd2 Bb7 12. Bc2 Re8 13. Nf1 Bf8 14.
Ng3 g6 15. a4 Bg7 16. Bd3 c6 17. Bg5 h6 18. Be3 Nb6 19. Qd2 Kh7 20. b3 Qc7 21. Qc2 Rad8 22. Rec1 Rc8 23. Rab1 Nfd7 24. a5 Na8 25. b4 d5 26. dxe5 Nxe5 27. Nxe5 Bxe5 28. Ne2 Bd6 29. exd5 cxd5 30. Nd4 Qd8 31. Qd2 Bf8 32. Nb3 Rc6 33. Nc5 Bc8 34. Bd4 Nc7 35. Re1 Ne6 36. Nxe6 Rexe6 37. Qf4 Qe8 38. Kf1 Rxe1+ 39. Rxe1 Re6 40.
Rxe6 Qxe6 41. h4 h5 42. f3 Bg7 43. Kf2 Bxd4+ 44. Qxd4 Bd7 45. Qf4 Bc8 46. Qc7 Kg7 47.
Qb6 Qe5 48. Qd4 Qxd4+ 49. cxd4 Kf6 50. Ke3 Bf5 51. Be2 Be6 52. Kf4 Bf5 53. g4 Bd7 54. g5+ Ke6 55. Bd3 Kd6 56. Bc2 Be6 57. Ke3 Ke7 58.
Bb3 Kd7 59. Kf4 Kd6 60. Bc2 Bd7 61. Bd3 Ke6 62. Be2 Kd6 63. Bf1 Be6 64. Bd3 Bd7 65. Ke3 Ke7 66. f4 f5 67. gxf6+ Kxf6 68. Be2 Bc8 69. Bf3 Be6 70. Bg2 Bf7 71. Bh3 Be6 72. Bg2 Bf7 73. Bf3 Be6 74. Bg2 Ke7 75. Bf1 Kf6 76.
Bg2 Bf7 77. Bf1 Be6 78. Bg2 1/2-1/2

[Event "*** Titled Tuesday Blitz"]
[Site "Chess.com"]
[Date "2018.04.03"]
[Round "4"]
[White "TST2014"]
[Black "Kimster98"]
[Result "0-1"]
[WhiteElo "2317"]
[BlackElo "2594"]
[TimeControl "180+2"]
[EndTime "13:53:55 PDT"]
[Termination "Kimster98 won on time"]

1. d4 Nf6 2. c4 e6 3. Nf3 d5 4.
Nc3 Be7 5. Bf4 O-O 6. e3 b6 7. Rc1 dxc4 8. Bxc4 Ba6 9. Qe2 Bxc4 10. Qxc4 c5 11. O-O Nbd7 12. d5 exd5 13. Nxd5 Nxd5 14. Qxd5 Qc8 15. b4 Nf6 16. Qb3 Qe6 17. bxc5 Qxb3 18. axb3 Bxc5 19. Rc4 a5 20. Be5 Nd7 21. Bd4 Bxd4 22.
Nxd4 Rfc8 23. Rfc1 Rxc4 24. Rxc4 Nc5 25. Kf1 Kf8 26. Ke2 Ke7 27. f3 Kd7 28. e4 f6 29.
Ke3 g6 30. h4 a4 31. bxa4 Rxa4 32. Rxa4 Nxa4 33. f4 Kd6 34. g4 Kc5 35. g5 fxg5 36. hxg5 b5 37. f5 Nb6 38. f6 Nd7 39. Nf3 b4 40.
Kd3 Nf8 41. Nd4 Kd6 42. Kc4 Ke5 43. Kd3 Kf4 44. Nb3 Kxg5 45. e5 Kf5 46. Kd4 h5 47.
Kd5 h4 48. Nd4+ Kf4 49. Ne6+ Ke3 50. Nxf8 h3 51. Nxg6 h2 52. f7 h1=Q+ 53. Ke6 Qc6+ 54. Kf5 Qf3+ 55. Ke6 Qc6+ 56. Kf5 Qe4+ 57. Kf6 Qf3+ 58.
Ke6 Qc6+ 59. Kf5 Qc8+ 60. e6 Qc5+ 61. Kf6 Qc3+ 62. Ne5 Ke4 63. f8=Q Qxe5+ 64. Kf7 Qf5+ 65. Ke7 Qc5+ 66. Ke8 Qc8+ 67. Kf7 Qc4 68. Qh6 b3 69. Qh4+ Kd3 70. Qd4+ Qxd4 71. e7 Qf4+ 0-1